AoeStats
← Jason64057

Arena

505821781Analyzed
1v1 RM · 22d ago on Sep 11, 2026· 38m 17s· 2 players
Game mode
Random Map
Map size
Tiny (2 player)
Population
200
Speed
Normal
Resources
Standard
Victory
Conquest
Starting age
Dark Age
Ending age
Imperial Age
RankedLock teamsTeams togetherTeam positionsShared explorationLock speedFull tech treeHidden civsTurbo modeCheats
Victory
Defeat
🇨🇳 Turks · China
1259
+24
🇮🇹 Byzantines · Italy
1313
-18
Jason64057
11:17 Feudal Age
13:28 Double-Bit Axe
15:58 Castle Age
22:07 Imperial Age
21:51 Padded Archer Armor
22:50 Wheelbarrow
30:41 Leather Archer Armor
31:42 Bow Saw
32:24 Ring Archer Armor
31:39 Horse Collar
32:14 Town Watch
33:08 Bloodlines
34:28 Scale Barding Armor
36:00 Chain Barding Armor
lord69mark
11:12 Feudal Age
12:10 Double-Bit Axe
14:52 Castle Age
19:19 Imperial Age
16:40 Horse Collar
18:32 Bow Saw
21:06 Chemistry
20:36 Pikeman
21:16 Squires
23:01 Squires
26:44 Fletching
26:54 Padded Archer Armor
29:12 Elite Skirmisher
30:07 Bodkin Arrow
32:07 Gold Mining
33:26 Ballistics
38:40 Loom
Connection lost

Rejoining the realm…

Still unreachable

The connection could not be restored.

Session expired

The server has moved on; the page needs a fresh start.